 Dungeon Crawl Stone Soup version 0.30.1-4-g462c640d31 (webtiles) character file.

Game seed: 9037844767411694069

382227 croobank the End of an Era (level 21, -2/165 (166) HPs)
             Began as a Demonspawn Fire Elementalist on Aug 18, 2023.
             Was the Champion of Qazlal.
             Killed from afar by an ancient lich (72 damage)
             ... with a crystal spear
             ... on level 3 of the Vaults on Aug 21, 2023.
             The game lasted 09:39:09 (57925 turns).

croobank the End of an Era (DsFE)                  Turns: 57925, Time: 09:39:10

HP:   -2/165 (166)  AC: 26    Str: 10    XL:     21   Next: 92%
MP:   3/12          EV: 22    Int: 34    God:    Qazlal [******]
Gold: 1184          SH:  8    Dex: 26    Spells: 9/45 levels left

rFire   + . .        n - +4 morningstar (antimagic)
rCold   . . .        (no shield)
rNeg    + . .        s - +1 leather armour of Bitterness {Regen+ Dex+6 Stlth-}
rPois   .            (helmet unavailable)
rElec   .            v - +0 cloak "Hilyuwur" {rF+ rN+ Dex-2}
rCorr   .            h - +2 pair of gloves {hurl}
SInv    +            z - +2 pair of boots
Will    ++...        R - amulet of Eczumol {RegenMP Int+4 Dex+6}
Stlth   +            L - +4 ring of slaying
HPRegen 1.27/turn    P - +6 ring of intelligence
MPRegen 0.53/turn

%: repel missiles
@: marked, protected from physical damage, sanguine armoured, lightly drained
A: antennae 3, demonic guardian 3, ignite blood 3, sanguine armour 3, demonic
willpower
}: 2/15 runes: serpentine, barnacled
a: Renounce Religion, Upheaval, Elemental Force, Disaster Area


You were on level 3 of the Vaults.
You worshipped Qazlal.
Qazlal was exalted by your worship.
You visited 8 branches of the dungeon, and saw 37 of its levels.
You also visited: Bailey.

You collected 4175 gold pieces.
You spent 2991 gold pieces at shops.

Inventory:

Hand Weapons
 a - the +8 arc blade {discharge, rElec}
   (You bought it in a shop on level 6 of the Dungeon)

   rElec:     It insulates you from electricity.
 b - a +0 broad axe of flaming
 c - the +4 falchion "Souqyt" {venom, rN+++ rCorr Str-3 Int+2}
   (You took it off a yaktaur on level 15 of the Dungeon)

   Str:       It affects your strength (-3).
   Int:       It affects your intelligence (+2).
   rN:        It renders you almost immune to negative energy.
   rCorr:     It protects you from acid and corrosion.
 n - a +4 antimagic morningstar (weapon)
 U - the +2 Maxwell's thermic engine {flame, freeze, rev}
   (You took it off a deep elf archer on level 3 of the Elven Halls)
Missiles
 S - 2 throwing nets
Armour
 h - a +2 pair of gloves of hurling (worn)
 s - the +1 leather armour of Bitterness (worn) {Regen+ Dex+6 Stlth-}
   (You found it on level 4 of the Dungeon)

   Dex:       It affects your dexterity (+6).
   Regen:     It increases your rate of health regeneration.
   Stlth:     It makes you less stealthy.
 v - the +0 cloak "Hilyuwur" (worn) {rF+ rN+ Dex-2}
   (You acquired it on level 6 of the Dungeon)

   Dex:       It affects your dexterity (-2).
   rF:        It protects you from fire.
   rN:        It protects you from negative energy.
 z - a +2 pair of boots (worn)
 K - the +1 cloak "Poitediph" {rPois rN+++ Str-2}
   (You found it in a bailey)

   Str:       It affects your strength (-2).
   rPois:     It protects you from poison.
   rN:        It renders you almost immune to negative energy.
Jewellery
 d - the ring "Peorchacs" {Fly rPois Will+}
   (You acquired it on level 3 of the Dungeon)

   [ring of flight]

   rPois:     It protects you from poison.
   Fly:       It grants you flight.
   Will:      It increases your willpower.
 t - a ring of protection from fire
 x - a +5 ring of evasion
 L - a +4 ring of slaying (left hand)
 O - a +4 ring of protection
 P - a +6 ring of intelligence (right hand)
 Q - a ring of protection from cold
 R - the amulet of Eczumol (around neck) {RegenMP Int+4 Dex+6}
   (You acquired it on level 1 of the Elven Halls)

   [amulet of magic regeneration]

   It increases your rate of magic regeneration.
   Int:       It affects your intelligence (+4).
   Dex:       It affects your dexterity (+6).
 X - a +5 ring of evasion
 Z - the ring "Lenia" {MP+9 Str+6 Stlth-}
   (You found it on level 5 of the Lair of Beasts)

   [ring of magical power]

   Str:       It affects your strength (+6).
   MP:        It affects your magic capacity (+9).
   Stlth:     It makes you less stealthy.
Wands
 e - a wand of paralysis (24)
 m - a wand of iceblast (19)
 r - a wand of flame (93) (quivered)
 w - a wand of digging (6)
 H - a wand of acid (18)
Scrolls
 g - a scroll of silence
 i - 22 scrolls of teleportation
 k - 10 scrolls of immolation
 p - 2 scrolls of amnesia
 y - a scroll of magic mapping
 A - 5 scrolls of enchant armour
 E - a scroll of enchant weapon
 F - 2 scrolls of vulnerability
 G - 5 scrolls of fog
 I - a scroll of summoning
 T - 3 scrolls of fear
 Y - a scroll of blinking
Potions
 f - a potion of lignification
 j - 8 potions of flight
 l - 13 potions of curing
 o - 9 potions of mutation
 q - 4 potions of haste
 u - 14 potions of attraction
 B - 7 potions of brilliance
 D - 5 potions of heal wounds
 M - 5 potions of might
 N - a potion of resistance
 V - 4 potions of invisibility
 W - 2 potions of ambrosia
Miscellaneous
 C - a box of beasts
 J - a phial of floods


   Skills:
 - Level 14.6 Fighting
 - Level 8.4 Short Blades
 - Level 7.8 Axes
 - Level 3.0 Armour
 + Level 12.2 Dodging
 - Level 9.6 Stealth
 - Level 5.0 Shields
 + Level 12.5 Spellcasting
 + Level 11.4 Conjurations
 - Level 4.9 Hexes
 + Level 12.9 Summonings
 - Level 9.1 Fire Magic
 - Level 5.0 Ice Magic
 - Level 9.1 Air Magic
 - Level 10.0 Poison Magic
 + Level 18.4 Invocations


You had 9 spell levels left.
You knew the following spells:

 Your Spells              Type           Power      Damage    Failure   Level
a - Foxfire               Conj/Fire      100%       2x1d9     1%          1
b - Scorch                Fire           100%       2d9       1%          2
c - Inner Flame           Hex/Fire       62%        N/A       1%          3
d - Mephitic Cloud        Conj/Pois/Air  74%        N/A       1%          3
e - Summon Lightning Spi  Summ/Air       77%        N/A       1%          4
f - Summon Mana Viper     Hex/Summ       70%        N/A       1%          5
g - Summon Cactus Giant   Summ           41%        N/A       1%          6
h - Iskenderun's Mystic   Conj/Tloc      56%        2d12      2%          4
i - Freezing Cloud        Conj/Ice/Air   34%        6-21      2%          5
k - Ignite Poison         Fire/Tmut/Pois 59%        N/A       1%          3

Your spell library contained the following spells:

 Spells                   Type           Power      Damage    Failure   Level
 Summon Small Mammal      Summ           100%       N/A       0%          1
 Freeze                   Ice            100%       1d10      1%          1
 Magic Dart               Conj           100%       1d8       1%          1
 Shock                    Conj/Air       100%       1d9       1%          1
 Sting                    Tmut/Pois      100%       1d8       1%          1
 Call Imp                 Summ           100%       N/A       1%          2
 Cigotuvi's Dreadful Rot  Necr/Pois/Air  100%       N/A       1%          2
 Ensorcelled Hibernation  Hex/Ice        100%       N/A       1%          2
 Momentum Strike          Conj/Tloc      100%       3d10      1%          2
 Poisonous Vapours        Pois/Air       100%       N/A       1%          2
 Searing Ray              Conj           100%       2d8       1%          2
 Static Discharge         Conj/Air       100%       2-7/arc   1%          2
 Call Canine Familiar     Summ           83%        N/A       1%          3
 Frozen Ramparts          Ice            100%       1d16      1%          3
 Hailstorm                Conj/Ice       67%        3d14      1%          3
 Spider Form              Tmut/Pois      53%        N/A       1%          3
 Stone Arrow              Conj/Erth      100%       3d13      1%          3
 Swiftness                Air            70%        N/A       1%          3
 Tukima's Dance           Hex            53%        N/A       1%          3
 Vhi's Electric Charge    Tloc/Air       100%       N/A       1%          3
 Volatile Blastmotes      Fire/Tloc      100%       2d18      1%          3
 Airstrike                Air            35%        2d(5-21)  1%          4
 Animate Armour           Summ/Erth      100%       N/A       1%          4
 Flame Wave               Conj/Fire      74%        2d16      1%          4
 Fulminant Prism          Conj/Hex       33%        3d16      1%          4
 Olgreb's Toxic Radiance  Pois           74%        N/A       1%          4
 Sticky Flame             Conj/Fire      74%        2d9       1%          4
 Summon Ice Beast         Ice/Summ       70%        N/A       1%          4
 Arcjolt                  Conj/Air       37%        1d47      1%          5
 Apportation              Tloc           42%        N/A       2%          1
 Sandblast                Erth           42%        2d11      2%          1
 Portal Projectile        Hex/Tloc       76%        N/A       3%          3
 Blink                    Tloc           42%        N/A       4%          2
 Lesser Beckoning         Tloc           42%        N/A       4%          2
 Sublimation of Blood     Necr           21%        N/A       4%          2
 Wereblood                Tmut           21%        N/A       4%          2
 Summon Forest            Summ/Tloc      30%        N/A       5%          5
 Conjure Ball Lightning   Conj/Air       37%        3x3d12    6%          6
 Starburst                Conj/Fire      37%        6d11      6%          6
 Irradiate                Conj/Tmut      28%        3d21      7%          5
 Anguish                  Hex/Necr       19%        N/A       10%         4
 Ice Form                 Ice/Tmut       38%        N/A       10%         4
 Leda's Liquefaction      Hex/Erth       19%        N/A       10%         4
 Alistair's Intoxication  Tmut/Pois      35%        N/A       10%         5
 Plasma Beam              Fire/Air       35%        2x1d53    10%         6
 Summon Hydra             Summ           41%        N/A       11%         7
 Animate Dead             Necr           21%        N/A       26%         4
 Manifold Assault         Tloc           21%        N/A       26%         4
 Petrify                  Tmut/Erth      21%        N/A       26%         4
 Eringya's Noxious Bog    Tmut/Pois      26%        N/A       47%         6
 Blade Hands              Tmut           10%        N/A       58%         5
 Lee's Rapid Deconstruct  Erth           10%        3d8*      58%         5
 Simulacrum               Ice/Necr       19%        N/A       83%         6
 Haunt                    Necr/Summ      30%        N/A       85%         7
 Ozocubu's Refrigeration  Ice            26%        4d13      96%         7
 Storm Form               Tmut/Air       25%        N/A       98%         7
 Statue Form              Tmut/Erth      14%        N/A       99%         6
 Dragon Form              Tmut           10%        N/A       100%        7
 Discord                  Hex            26%        N/A       100%        8
 Disjunction              Tloc           10%        N/A       100%        8
 Infestation              Necr           10%        N/A       100%        8
 Lehudib's Crystal Spear  Conj/Erth      28%        10d7      100%        8
 Polar Vortex             Ice            26%        N/A       100%        9


Dungeon Overview and Level Annotations

Branches:
Dungeon (15/15)            Temple (1/1) D:4            Lair (5/5) D:9
 Shoals (4/4) Lair:3        Snake (4/4) Lair:3        Slime (0/5) Lair:4
    Orc (2/2) D:9             Elf (3/3) Orc:2        Vaults (3/5) D:13
  Crypt (0/3) Vaults:2     Depths (0/4) D:15         Bailey (visited)

Altars:
Ashenzari
Cheibriados
Dithmenos
Fedhas
Gozag
Hepliaklqana
Kikubaaqudgha
Makhleb
Nemelex Xobeh
Okawaru
Qazlal
Sif Muna
Trog
Uskayaw
Vehumet
Wu Jian
Xom
Yredelemnul
Jiyva

Shops:
D:3 *?:[*   D:6 (   D:11 *   D:15 (   Orc:1 **   Orc:2 (:?(!   Elf:3 =
Snake:2 [=[(   Snake:3 :   Snake:4 *(?(   Vaults:3 [

Portals:
Abyss: Snake:1
Pandemonium: Orc:2

Annotations:
Snake:1 2 transporters, Kicir's ghost, adept GnFi
Snake:3 1 runed translucent door, LynnLen's ghost, adept SpEn
Elf:1 1 runed translucent door


Innate Abilities, Weirdness & Mutations

You have a pair of large antennae on your head. (SInv)
A powerful demonic guardian rushes to your aid.
Your demonic aura causes all spilled blood to erupt in flames.
When seriously injured, your blood forms very thick armour. (AC +12)
You punish those that try to bend your will. (Will+)


Message History

The ancient lich barely misses you.
The deep troll bites your ironbound preserver!
The deep troll claws your ironbound preserver! x2
The vault warden barely misses your deep troll.
The deep elf high priest is engulfed in freezing vapours.
The deep elf high priest hits your ironbound frostheart with a +0 scimitar!!
You swap places.
The ancient lich touches you but does no damage.
The vault guard barely misses your ironbound preserver.
The vault sentinel is engulfed in blazing flames.
The vault sentinel blows a loud note on a signal horn!
The vault sentinel is engulfed in blazing flames.
You block the vault sentinel's attack.
The vault warden hits your deep troll with a +0 halberd.
The deep troll bites your deep troll!
The deep troll barely misses your deep troll.
The deep troll claws your deep troll but does no damage.
The deep elf high priest misses you.
Your ironbound preserver is engulfed in blazing flames.
Your ironbound preserver hits the deep troll with a +0 morningstar!
Your deep troll is engulfed in blazing flames.
Your deep troll bites the vault warden!
Your deep troll claws the vault warden!
Your deep troll claws the vault warden but does no damage.
Your ironbound convoker hits the deep elf high priest with a +1 heavy great mace!
Your deep troll completely misses the vault guard.
Your deep troll claws the vault guard! x2
Your ironbound frostheart is engulfed in blazing flames.
Your ironbound frostheart closely misses the ancient lich.
The ancient lich falters for a moment.
The vault sentinel is engulfed in blazing flames.
You kill the vault sentinel!
Qazlal accepts your kill.
The vault guard is engulfed in blazing flames.
The vault guard hits your ironbound preserver with a +0 great mace!
The titan hits something!!
The vault sentinel is engulfed in blazing flames.
The vault sentinel throws a stone.
The stone completely misses you.
The ancient lich points at you and mumbles some strange words.
The crystal spear hits you!!!!
You die... # #...# #...' ######''# #...# ##......# #...# #......# ##### #...# #...<..# ##○#.###...# #......# ##Cp.§^##...# #......# #pLppTpT)..(#

##.....# ##§eTT.##...#
###..##.## #@pp....#...#
#....##..# ##T☼p.^##)..#
#...∩....# ##T#.###...#
####.....# ##### #...#
#..#### #...# #..##
#############...#
##..#####...........+...#
#......#...........+...#
#......)..#######..+...#


You could see a titan, an ancient lich (fast, invisible, ally target, magic
disrupted), a vault warden (ally target), a vault guard (strong), 2 deep trolls,
a vault sentinel, a deep elf high priest (strong, ally target), 2 ironbound
convokers, a friendly ironbound preserver (summoned), 4 friendly deep trolls and
a friendly ironbound convoker (summoned).

Vanquished Creatures
  Nikola (Shoals:4)
  2 deep elf blademasters
  2 quicksilver dragons (Snake:4)
  2 deep elf master archers (Elf:3)
  Kirke (Snake:2)
  Roxanne (Shoals:2)
  3 nagarajas
  5 deep elf sorcerers
  5 vault wardens
  An orc warlord (Orc:2)
  2 deep elf elementalists
  2 stone giants
  2 war gargoyles (Vaults:1)
  5 ironbound preservers
  An ironbound thunderhulk (Vaults:2)
  6 deep elf annihilators
  6 deep elf demonologists
  A vampire knight (Vaults:2)
  8 dire elephants
  3 deep elf death magi (Elf:3)
  2 deep elf high priests (Elf:3)
  5 merfolk javelineers (Shoals:4)
  6 yaktaur captains
  2 entropy weavers
  A great orb of eyes (Vaults:2)
  Josephine (Shoals:1)
  A salamander tyrant (Snake:4)
  3 merfolk impalers
  8 hydras
  2 vault guards (Vaults:2)
  3 catoblepae
  6 ironbound frosthearts
  Erica (Lair:2)
  A peacekeeper (Vaults:1)
  2 ogre magi (D:15)
  8 anacondas
  A boulder beetle (Vaults:2)
  2 merfolk avatars (Shoals:2)
  A merfolk aquamancer (Shoals:3)
  4 centaur warriors
  4 two-headed ogres
  3 satyrs
  6 orc high priests (Orc:2)
  13 death yaks
  A tengu warrior (D:14)
  A vampire mage (Vaults:2)
  5 naga warriors
  A soul eater (Vaults:2)
  15 naga sharpshooters
  3 shock serpents
  A sun demon (Orc:2)
  11 deep elf knights
  6 salamander mystics
  A sixfirhy (Orc:2)
  4 skysharks
  7 sea snakes
  16 deep trolls
  A naga ritualist (Snake:4)
  15 deep elf archers
  8 ironbound convokers
  4 lindwurms
  3 wizards
  4 orc knights
  8 orc sorcerers
  13 harpies
  15 deep elf zephyrmancers
  Pikel (D:7)
  2 mana vipers
  3 necromancers
  24 deep elf pyromancers
  4 cyclopes
  7 manticores
  16 salamanders
  12 ugly things
  6 fauns
  8 merfolk sirens
  34 black mambas
  14 naga magi
  7 vault sentinels
  3 elephants
  9 guardian serpents
  4 water nymphs
  A smoke demon (Orc:2)
  An orange demon (Orc:2)
  8 rime drakes
  2 unseen horrors (D:12)
  13 komodo dragons
  14 cane toads
  21 yaktaurs
  A tengu conjurer (D:14)
  A yaktaur (shapeshifter) (D:11)
  8 kobold demonologists
  15 merfolk
  4 trolls
  4 hornets (Lair:5)
  6 polar bears
  13 blink frogs
  6 wind drakes
  5 snapping turtles
  22 dream sheep
  20 slime creatures
  An air elemental (Elf:1)
  8 water elementals
  2 vampires (D:10)
  14 spriggans (Lair:5)
  3 shadows
  8 wyverns
  49 yaks
  A basilisk (D:11)
  8 wraiths
  2 fire elementals
  A human (Snake:2)
  A neqoxec (Orc:2)
  4 steam dragons
  5 redbacks
  6 vampire mosquitoes
  Menkaure (D:7)
  3 acid dragons
  39 nagas
  5 wargs (Orc:1)
  14 water moccasins
  7 nameless horrors
  3 black bears (Lair:5)
  A sky beast (D:7)
  45 orc warriors
  28 wolves
  6 boggarts
  15 ogres
  13 centaurs
  A phantom (D:5)
  9 kobold brigands
  4 bullfrogs
  A necrophage (D:10)
  A gnoll sergeant (D:10)
  A scorpion (D:6)
  5 wights (D:10)
  9 killer bees
  3 electric eels (Lair:4)
  6 howler monkeys
  3 hounds
  10 jellies
  3 gnoll boudas (D:8)
  22 orc priests
  Crazy Yiuf (D:2)
  2 sleepcaps
  24 orc wizards
  Natasha (thrice) (D:2)
  3 iguanas (D:5)
  A boggart simulacrum (D:15)
  Robin (D:3)
  21 gnolls
  12 adders
  A shadow imp (D:6)
  A white imp (D:6)
  5 dart slugs
  99 orcs
  17 endoplasms
  3 giant cockroaches
  14 goblins
  5 hobgoblins
  8 jackals
  2 quokkas (D:2)
  11 ball pythons
  6 bats
  A frilled lizard (D:2)
  31 kobolds
  4 rats
  3 foxfires
  A tentacle (Shoals:2)
1258 creatures vanquished.

Vanquished Creatures (collateral kills)
  A titan (Vaults:3)
  Polyphemus (Shoals:4)
  A kraken (Shoals:2)
  Donald (Elf:3)
  A nagaraja (Snake:4)
  5 deep elf sorcerers (Elf:3)
  4 vault wardens
  A frost giant (Vaults:1)
  2 deep elf elementalists (Elf:3)
  4 ironbound preservers
  An ironbound thunderhulk (Vaults:2)
  An orc warlord (Orc:1)
  A stone giant (Vaults:1)
  3 deep elf annihilators (Elf:3)
  5 dire elephants
  An ettin (D:15)
  Snorg (D:14)
  A deep elf death mage (Elf:3)
  2 merfolk javelineers (Shoals:4)
  4 yaktaur captains
  An entropy weaver (Vaults:3)
  A hydra (Lair:5)
  4 great orbs of eyes
  An ogre mage (Orc:2)
  2 vault guards (Vaults:3)
  4 ironbound frosthearts
  An alligator snapping turtle (Shoals:4)
  A catoblepas (Shoals:4)
  2 merfolk aquamancers
  27 dancing weapons
  A merfolk avatar (Shoals:1)
  3 boulder beetles
  6 two-headed ogres
  A naga warrior (Snake:3)
  4 death yaks
  3 shock serpents
  2 orc high priests
  5 naga sharpshooters
  9 deep elf knights
  2 salamander mystics
  A sea snake (Shoals:1)
  3 naga ritualists
  10 deep trolls
  4 ironbound convokers
  4 deep elf archers
  2 wizards
  3 lindwurms (Vaults:1)
  A lindwurm (shapeshifter) (Elf:2)
  An orc knight (Orc:2)
  4 deep elf zephyrmancers
  9 harpies
  2 ugly things (Vaults:1)
  6 fauns
  A cyclops (Shoals:4)
  An oklob plant (Lair:5)
  An orc sorcerer (Elf:3)
  7 deep elf pyromancers
  A human zombie (Vaults:1)
  4 manticores
  2 salamanders
  2 merfolk sirens
  2 gargoyles
  A cane toad (Lair:3)
  3 naga magi
  10 black mambas
  5 vault sentinels
  A rime drake (Shoals:3)
  6 yaktaurs
  2 trolls
  2 wind drakes
  7 merfolk
  A polar bear (Lair:5)
  A blink frog (Lair:5)
  5 dream sheep
  2 snapping turtles
  A human simulacrum (Vaults:1)
  9 slime creatures
  An ettin zombie (Vaults:1)
  A shadow (D:11)
  A water elemental (Shoals:1)
  3 fire elementals
  11 nagas
  A water moccasin (Lair:3)
  2 nameless horrors (Elf:2)
  6 orc warriors
  5 ogres
  3 centaurs
  2 human skeletons (Vaults:1)
  2 wolves (Lair:5)
  An earth elemental (Elf:1)
  An orc priest (Orc:2)
  3 orc wizards
  An ufetubus (D:7)
  8 orcs
  12 foxfires
312 creatures vanquished.

Vanquished Creatures (others)
  A naga ritualist (Snake:2)
  A deep elf pyromancer (Elf:2)
  6 humans (Snake:2)
  2 water elementals
  1635 foxfires
  8 tentacles (Shoals:2)
1653 creatures vanquished.

Grand Total: 3223 creatures vanquished

Notes
Turn   | Place    | Note
-------+----------+-------------------------------------------
     0 | D:1      | croobank the Demonspawn Fire Elementalist began the quest
                  | for the Orb.
     0 | D:1      | Reached XP level 1. HP: 13/13 MP: 3/3
   441 | D:1      | Gained mutation: Your demonic aura sometimes causes spilled
                  | blood to erupt in flames. [demonic ancestry]
   441 | D:1      | Reached XP level 2. HP: 18/19 MP: 1/5
   759 | D:1      | Learned a level 2 spell: Scorch
   779 | D:1      | Reached XP level 3. HP: 25/25 MP: 1/6
   873 | D:1      | Reached skill level 1 in Fighting
  1249 | D:2      | Noticed Natasha
  1253 | D:2      | Killed Natasha
  1254 | D:2      | Gained mutation: When seriously injured, your blood forms
                  | armour. (AC +12) [demonic ancestry]
  1254 | D:2      | Reached XP level 4. HP: 32/32 MP: 3/7
  1960 | D:2      | Noticed Natasha
  1964 | D:2      | Killed Natasha
  1965 | D:2      | Gained mutation: You have a pair of small antennae on your
                  | head. [demonic ancestry]
  1965 | D:2      | Reached XP level 5. HP: 37/37 MP: 3/8
  2430 | D:2      | Found a runed translucent door.
  2431 | D:2      | Noticed Crazy Yiuf
  2562 | D:3      | Found Ziehadd Myev's Assorted Antiques.
  2660 | D:3      | Bought a scroll labelled ZOUBEWK SAUB for 22 gold pieces
  2660 | D:3      | Bought a scroll labelled VECUNWAGOM for 22 gold pieces
  2660 | D:3      | Bought a scroll labelled OSCHAU KIBIA for 22 gold pieces
  2689 | D:3      | Identified a scroll of acquirement
  2689 | D:3      | Acquired the ring "Peorchacs" {Fly rPois Will+}
  2793 | D:3      | Noticed Robin
  2983 | D:2      | Noticed Natasha
  3011 | D:3      | Killed Robin
  3024 | D:3      | Found Xemoipni's Book Emporium.
  3174 | D:3      | Found a faded altar of an unknown god.
  3224 | D:3      | Reached skill level 1 in Armour
  3368 | D:3      | Found Tuysujac's General Store.
  3379 | D:3      | Acquired the Commentary on Charming Nausea
  3398 | D:3      | Found Nid Gieh's Antique Armour Emporium.
  3638 | D:3      | Found Beoroso's Magic Scroll Shop.
  3644 | D:3      | Bought a scroll of identify for 22 gold pieces
  3746 | D:3      | Gained mutation: Your demonic aura often causes spilled
                  | blood to erupt in flames. [demonic ancestry]
  3746 | D:3      | Reached XP level 6. HP: 36/44 MP: 10/10
  3965 | D:2      | Killed Natasha
  4376 | D:3      | Learned a level 3 spell: Inner Flame
  4385 | D:4      | Identified the +1 leather armour of Bitterness {Regen+
                  | Dex+6 Stlth-}
  4430 | D:4      | Found a burning altar of Makhleb.
  4554 | D:4      | Found a staircase to the Ecumenical Temple.
  4573 | Temple   | Entered the Ecumenical Temple
  4739 | Temple   | Became a worshipper of Qazlal Stormbringer
  4985 | D:4      | Found an ancient bone altar of Kikubaaqudgha.
  5066 | D:4      | Reached XP level 7. HP: 40/51 MP: 1/11
  5504 | D:5      | Entered Level 5 of the Dungeon
  5603 | D:5      | Reached * piety under Qazlal
  5737 | D:5      | Reached skill level 1 in Invocations
  5858 | D:5      | Reached skill level 1 in Hexes
  6503 | D:5      | Gained mutation: When seriously injured, your blood forms
                  | thick armour. (AC +12) [demonic ancestry]
  6503 | D:5      | Reached XP level 8. HP: 57/57 MP: 4/13
  6536 | D:5      | Reached skill level 2 in Invocations
  6944 | D:6      | Acquired the +0 cloak "Hilyuwur" {rF+ rN+ Dex-2}
  7056 | D:6      | Reached ** piety under Qazlal
  7185 | D:6      | Reached skill level 1 in Axes
  7185 | D:6      | Reached skill level 3 in Invocations
  7292 | D:6      | Found Tuzor's Antique Weapon Boutique.
  7807 | D:7      | Noticed Menkaure
  7812 | D:7      | Killed Menkaure
  7909 | D:7      | Identified the +6 chain mail "Mibyet" {Int+4}
  7969 | D:7      | Reached XP level 9. HP: 51/65 MP: 15/15
  8133 | D:7      | Reached skill level 4 in Invocations
  8397 | D:7      | Found a sparkling altar of Nemelex Xobeh.
  8405 | D:7      | Reached skill level 5 in Fire Magic
  8456 | D:7      | Reached skill level 5 in Stealth
  8469 | D:7      | Noticed Pikel
  8488 | D:7      | Killed Pikel
  8648 | D:7      | Reached skill level 5 in Conjurations
  8648 | D:7      | Reached skill level 5 in Invocations
  8649 | D:7      | Reached XP level 10. HP: 49/73 MP: 11/17
  8654 | D:7      | Reached skill level 5 in Spellcasting
  9196 | D:8      | Reached *** piety under Qazlal
  9216 | D:8      | Found a basalt altar of Yredelemnul.
  9281 | D:8      | Found a flagged portal.
  9294 | Bailey   | Entered a bailey
  9359 | Bailey   | Learned a level 3 spell: Mephitic Cloud
  9398 | Bailey   | Reached skill level 1 in Air Magic
  9398 | Bailey   | Reached skill level 1 in Poison Magic
  9553 | Bailey   | Found a large runed translucent door.
  9553 | Bailey   | Found a large runed translucent door.
  9554 | Bailey   | Noticed a deep elf pyromancer
  9563 | Bailey   | Noticed an orc knight
  9585 | Bailey   | Killed an orc knight
  9687 | Bailey   | Killed a deep elf pyromancer
  9902 | Bailey   | Identified the +1 cloak "Poitediph" {rPois rN+++ Str-2}
 10282 | D:8      | Reached **** piety under Qazlal
 10456 | D:8      | Reached skill level 5 in Poison Magic
 10742 | D:8      | Found a snail-covered altar of Cheibriados.
 10891 | D:9      | Found an ornate altar of the Wu Jian Council.
 10897 | D:9      | Reached skill level 5 in Air Magic
 10971 | D:9      | Gained mutation: A weak demonic guardian rushes to your
                  | aid. [demonic ancestry]
 10971 | D:9      | Reached XP level 11. HP: 61/78 MP: 18/18
 11071 | D:9      | Found a staircase to the Orcish Mines.
 11239 | D:9      | Reached skill level 5 in Dodging
 11457 | D:9      | Found a broken altar of Ashenzari.
 11502 | D:9      | Found a staircase to the Lair.
 11824 | D:10     | Entered Level 10 of the Dungeon
 11925 | D:10     | Reached skill level 5 in Fighting
 12174 | D:10     | Noticed a deep elf zephyrmancer
 12182 | D:10     | Killed a deep elf zephyrmancer
 12182 | D:10     | Reached ***** piety under Qazlal
 12377 | D:3      | Bought a scroll of enchant armour for 105 gold pieces
 12377 | D:3      | Bought a scroll of identify for 28 gold pieces
 12511 | D:10     | Found an iron altar of Okawaru.
 12622 | D:10     | Found a blossoming altar of Fedhas.
 12894 | D:11     | Noticed a soul eater
 12898 | D:11     | Reached skill level 6 in Invocations
 12945 | D:11     | Found Sivvieli's General Store.
 13390 | D:11     | Noticed a sun demon
 14016 | D:11     | Gained mutation: When seriously injured, your blood forms
                  | very thick armour. (AC +12) [demonic ancestry]
 14016 | D:11     | Reached XP level 12. HP: 87/87 MP: 14/20
 14057 | D:11     | Noticed a centaur warrior
 14293 | D:11     | Killed a centaur warrior
 14618 | D:12     | Noticed a boulder beetle
 14800 | Lair:1   | Entered Level 1 of the Lair of Beasts
 14811 | Lair:1   | Reached skill level 7 in Invocations
 15233 | Lair:1   | Noticed a seven-headed hydra
 15238 | Lair:1   | Killed a seven-headed hydra
 16217 | Lair:2   | Reached skill level 5 in Axes
 16322 | Lair:2   | Reached skill level 8 in Invocations
 16655 | Lair:2   | Found a shadowy altar of Dithmenos.
 16715 | Lair:2   | Noticed a six-headed hydra
 16716 | Lair:2   | Noticed a six-headed hydra
 16724 | Lair:2   | Killed a six-headed hydra
 16725 | Lair:2   | Reached XP level 13. HP: 62/95 MP: 11/22
 17264 | Lair:2   | Noticed Erica
 17272 | Lair:2   | Killed Erica
 18424 | Lair:3   | Found a staircase to the Snake Pit.
 18653 | Lair:3   | Identified the +2 scale mail of Jalomusk {+Blink}
 18821 | Lair:3   | Found a staircase to the Shoals.
 20120 | Lair:4   | Reached skill level 9 in Invocations
 20270 | Lair:4   | Found a staircase to the Slime Pits.
 20270 | Lair:4   | Found a viscous altar of Jiyva.
 20650 | Lair:5   | Entered Level 5 of the Lair of Beasts
 21074 | Lair:5   | Gained mutation: You have a pair of antennae on your head.
                  | [demonic ancestry]
 21074 | Lair:5   | Reached XP level 14. HP: 54/103 MP: 23/25
 21130 | Lair:5   | Paralysed by a hornet for 3 turns
 21604 | Lair:5   | Identified the +0 kite shield of Hangman {Fly rPois rF-
                  | rCorr}
 21661 | Lair:5   | Identified the ring "Lenia" {MP+9 Str+6 Stlth-}
 22141 | Lair:4   | Reached skill level 10 in Invocations
 22551 | Lair:5   | Identified the +3 scale mail "Ikuf Ging" {rF+ rN+ MP+9
                  | Int-3}
 23880 | D:12     | Found a transporter.
 23962 | D:12     | Learned a level 2 spell: Poisonous Vapours
 23966 | D:12     | Learned a level 3 spell: Ignite Poison
 24276 | D:13     | Reached skill level 1 in Shields
 24356 | D:13     | Found a gate to the Vaults.
 25433 | D:14     | Noticed Snorg
 25439 | D:14     | Killed Snorg
 25563 | D:14     | Gained mutation: Your demonic aura causes all spilled blood
                  | to erupt in flames. [demonic ancestry]
 25563 | D:14     | Reached XP level 15. HP: 112/112 MP: 27/27
 25625 | D:14     | Found a radiant altar of Vehumet.
 26137 | D:15     | Entered Level 15 of the Dungeon
 26226 | Orc:1    | Entered Level 1 of the Orcish Mines
 26434 | Orc:2    | Entered Level 2 of the Orcish Mines
 26468 | Orc:1    | Learned a level 4 spell: Flame Wave
 26767 | Orc:2    | Found Hox Uvuz's Weapon Boutique.
 27190 | Orc:2    | Found a staircase to the Elven Halls.
 27234 | Orc:1    | Found Hilylocuy's Specific Store.
 27238 | Orc:1    | Found Siresmuz's General Store.
 27252 | Orc:1    | Bought a potion of berserk rage for 50 gold pieces
 27446 | D:6      | Bought the +8 arc blade {discharge, rElec} for 1560 gold
                  | pieces
 27446 | D:6      | Found the +8 arc blade {discharge, rElec}
 27644 | Orc:2    | Found Dafamo's Magic Scroll Shoppe.
 27990 | Orc:2    | Found Cor Gyo's Distillery.
 28492 | Orc:2    | Reached skill level 11 in Invocations
 28640 | Orc:2    | Found Caraucku's Antique Weapon Boutique.
 28640 | Orc:2    | Found Ruvupocw's Book Shop.
 28641 | Orc:2    | Found a one-way gate leading to the halls of Pandemonium.
 29304 | D:15     | Learned a level 4 spell: Iskenderun's Mystic Blast
 29981 | D:15     | Found a staircase to the Depths.
 30029 | D:15     | Found Ukhunokk's Weapon Shop.
 30047 | D:15     | Found an opulent altar of Gozag.
 30537 | D:15     | Gained mutation: A demonic guardian rushes to your aid.
                  | [demonic ancestry]
 30537 | D:15     | Reached XP level 16. HP: 98/120 MP: 17/28
 30655 | D:15     | Identified the +4 falchion "Souqyt" {venom, rN+++ rCorr
                  | Str-3 Int+2}
 30800 | D:15     | Learned a level 5 spell: Freezing Cloud
 31002 | Snake:1  | Entered Level 1 of the Snake Pit
 31156 | Snake:1  | Learned a level 4 spell: Summon Lightning Spire
 31305 | Snake:1  | Found a transporter.
 31339 | Snake:1  | Found a transporter.
 31339 | Snake:1  | Noticed Kicir's ghost (adept GnFi)
 31360 | Snake:1  | Found a one-way gate to the infinite horrors of the Abyss.
 31474 | Snake:1  | Reached skill level 10 in Poison Magic
 31875 | Snake:2  | Noticed Kirke
 31880 | Snake:2  | Killed Kirke
 31881 | Snake:2  | Reached skill level 1 in Ice Magic
 32621 | Snake:2  | Reached skill level 5 in Ice Magic
 32650 | Snake:2  | Reached skill level 1 in Summonings
 33193 | Snake:2  | Found Yguic's Weapon Boutique.
 33195 | Snake:2  | Found Ugonol's Armour Boutique.
 33195 | Snake:2  | Found Yma Kunk's Jewellery Shop.
 33198 | Snake:2  | Found Wyrohit's Armour Shop.
 33215 | Snake:2  | Bought a +2 hat for 288 gold pieces
 33420 | Snake:3  | Reached skill level 10 in Fighting
 33421 | Snake:3  | Reached ****** piety under Qazlal
 33670 | Snake:3  | Found Yralimu's Book Emporium.
 34317 | Snake:3  | Found a runed translucent door.
 34317 | Snake:3  | Found a shimmering altar of Xom.
 34318 | Snake:3  | Noticed LynnLen's ghost (adept SpEn)
 34324 | Snake:3  | Reached skill level 5 in Summonings
 35649 | Snake:4  | Entered Level 4 of the Snake Pit
 35675 | Snake:3  | Gained mutation: A powerful demonic guardian rushes to your
                  | aid. [demonic ancestry]
 35675 | Snake:3  | Reached XP level 17. HP: 109/132 MP: 8/29
 36785 | Snake:4  | Noticed a quicksilver dragon
 36790 | Snake:4  | Noticed a quicksilver dragon
 36792 | Snake:4  | Killed a quicksilver dragon
 36793 | Snake:4  | Killed a quicksilver dragon
 37852 | Snake:4  | Found Rejoliosm's Weapon Emporium.
 37871 | Snake:4  | Found Coapobaro's Magic Scroll Emporium.
 37872 | Snake:4  | Found Taibb's Weapon Emporium.
 37876 | Snake:4  | Found Ninarr's Assorted Antiques.
 37887 | Snake:4  | Bought a potion of magic for 224 gold pieces
 38292 | Snake:4  | Got a serpentine rune of Zot
 38733 | D:2      | Killed Crazy Yiuf
 39663 | Shoals:1 | Entered Level 1 of the Shoals
 39680 | Shoals:1 | Reached skill level 1 in Short Blades
 40267 | Shoals:1 | You fall into a shaft and drop 1 floor!
 40536 | Shoals:1 | Noticed Josephine
 40544 | Shoals:1 | Killed Josephine
 40940 | Shoals:1 | Reached skill level 5 in Short Blades
 42308 | Shoals:2 | Noticed a kraken
 42317 | Shoals:2 | Identified Roxanne's Volume of Bedrock
 42317 | Shoals:2 | Noticed Roxanne
 42383 | Shoals:2 | Killed Roxanne
 42450 | Shoals:2 | Killed a kraken
 42855 | Shoals:3 | Gained mutation: You punish those that try to bend your
                  | will. (Will+) [demonic ancestry]
 42855 | Shoals:3 | Reached XP level 18. HP: 144/147 MP: 25/30
 43892 | Shoals:3 | Identified the amulet of Yffegg {RegenMP rPois rF- Str+2}
 44437 | Shoals:4 | Entered Level 4 of the Shoals
 44590 | Shoals:4 | Noticed Polyphemus
 44836 | Shoals:4 | Identified the +5 long sword "Georoowk" {freeze, Int+2
                  | Dex+5}
 44838 | Shoals:4 | Killed Polyphemus
 45498 | Shoals:4 | Reached skill level 12 in Invocations
 46091 | Shoals:4 | Got Sif Muna's Vellum of Poison and Topomancy
 46109 | Shoals:4 | Identified the +0 spear of Zoteog {heavy, Str-3 SInv
                  | Stlth+}
 46228 | Shoals:4 | Got a barnacled rune of Zot
 46334 | Shoals:4 | Identified the staff of death "Wirot" {rN+ Will++ Int+3
                  | Dex+4}
 46363 | Shoals:4 | Noticed Nikola
 46379 | Shoals:4 | HP: 2/147 [Nikola/+3 rapier of electrocution (10)]
 46380 | Shoals:4 | Killed Nikola
 47458 | Elf:1    | Entered Level 1 of the Elven Halls
 47458 | Elf:1    | Found a runed translucent gate.
 47458 | Elf:1    | Found a runed translucent gate.
 47458 | Elf:1    | Found a runed translucent gate.
 47458 | Elf:1    | Found a runed translucent gate.
 47458 | Elf:1    | Found a runed translucent gate.
 47458 | Elf:1    | Found a runed translucent gate.
 47459 | Elf:1    | Found a runed translucent door.
 47469 | Elf:1    | Found a runed translucent door.
 47618 | Elf:1    | Reached skill level 13 in Invocations
 47628 | Elf:1    | Gained mutation: You have a pair of large antennae on your
                  | head. (SInv) [demonic ancestry]
 47628 | Elf:1    | Reached XP level 19. HP: 153/153 MP: 32/32
 47635 | Elf:1    | Learned a level 5 spell: Summon Mana Viper
 47683 | Orc:2    | Bought a book of Scorching for 420 gold pieces
 47692 | Orc:2    | Learned a level 6 spell: Summon Cactus Giant
 48389 | Elf:1    | Acquired a book of Blood
 48656 | Elf:1    | Reached skill level 10 in Spellcasting
 48683 | Elf:1    | Reached skill level 10 in Summonings
 49366 | Elf:1    | Reached skill level 14 in Invocations
 49441 | Elf:1    | Acquired the amulet of Eczumol {RegenMP Int+4 Dex+6}
 49836 | Elf:2    | Reached XP level 20. HP: 141/160 MP: 21/34
 50057 | Elf:3    | Entered Level 3 of the Elven Halls
 50433 | Elf:2    | Reached skill level 10 in Dodging
 50460 | Elf:2    | Found a large runed translucent door.
 50460 | Elf:2    | Found a large runed translucent door.
 50470 | Elf:2    | Found a large runed translucent door.
 50470 | Elf:2    | Found a large runed translucent door.
 50799 | Elf:2    | Reached skill level 15 in Invocations
 50875 | Elf:2    | Reached skill level 5 in Shields
 51511 | Elf:3    | Noticed Donald
 51517 | Elf:3    | Killed Donald
 51730 | Elf:3    | Found Lonasit's Jewellery Boutique.
 51785 | Elf:3    | Reached skill level 16 in Invocations
 51797 | Elf:3    | Identified the +1 long sword "Owooni" {antimagic, rElec
                  | rPois Dex-2 SInv}
 51923 | Elf:3    | Identified the +3 battleaxe of the Invisible People {drain,
                  | rElec rF++ rCorr Int-3}
 52183 | Elf:3    | Identified the staff of earth "Xuoqesu" {rPois rN+ Int-4
                  | Dex+4}
 52201 | Elf:3    | Got Buamus's Writings on the Gathered Tropics
 52208 | Elf:3    | Got Sif Muna's Compendium of Corruption
 52211 | Elf:3    | Got the Almanac of Forceful Topography
 53139 | Vaults:1 | Entered Level 1 of the Vaults
 53372 | Vaults:1 | Reached skill level 17 in Invocations
 53412 | Vaults:1 | Reached XP level 21. HP: 164/166 MP: 5/36
 53644 | Vaults:1 | Identified the +4 glaive of Fixation {flame, rCorr Int+3}
 53737 | Vaults:1 | Reached skill level 10 in Conjurations
 55316 | Orc:2    | Bought 2 scrolls of summoning for 228 gold pieces
 55965 | Vaults:2 | Reached skill level 18 in Invocations
 57151 | Vaults:2 | Found a staircase to the Crypt.
 57736 | Vaults:3 | Found Fatas's Armour Shop.
 57901 | Vaults:3 | Noticed an ancient lich
 57925 | Vaults:3 | Killed from afar by an ancient lich

Illustrated notes

Levels and vault maps discovered:
D:1:      evilmike_arrival_crescent, layout_loops_ring
D:2:      layout_basic, uniq_natasha, uniq_crazy_yiuf_cottage
D:3:      layout_rooms, serial_shops, shop, shop, shop,
          nicolae_shop_real_fake_doors, nicolae_shop_rolling_square,
          shapermc_ecumenical_altar_gd, uniq_robin
D:4:      cheibrodos_fertilizer, layout_rooms,
          nicolae_kikubaaqudgha_miasma_corner, nicolae_tso_swordbearing_angel,
          makhleb_heckhound_becter, minmay_surrounded
D:5:      layout_basic
D:6:      layout_loops_ring, serial_shops, nicolae_shop_pleasant_corner_grove
D:7:      layout_loops_corners, kennysheep_mini_moat, nemelex_dance_club_becter,
          st_stairs_11, uniq_menkaure, uniq_pikel
D:8:      kennysheep_seaside_town, layout_rooms, lemuel_doored_altar,
          nicolae_overflow_crystal_walls, enter_bailey_2
D:9:      layout_basic, mainiacjoe_overflow_24_doors, lemuel_crystal_altar,
          dpeg_oklobed_lair, orc_david_3
D:10:     layout_rooms, grunt_temple_overflow_open, hangedman_stone_soup
D:11:     minmay_recursive_quarters, layout_irregular_city, serial_shops, shop,
          kennysheep_opposing_triangles
D:12:     layout_cave_pools, serial_glass, glass_columns_b, glass_columns_a,
          due_unseen_surprise, item_on_display_a, feat_on_display,
          statue_in_the_mist_lemuel, nicolae_diode_basic
D:13:     layout_layer_cave, erik_vaults_1
D:14:     layout_roguey, nicolae_kite_square_tiling_tiny,
          nicolae_vehumet_radiance, uniq_snorg
D:15:     hangedman_depths_entry_civil_slaughter, layout_basic, serial_shops,
          shop, serial_bayou_pond_e, grunt_gozag_statues
Temple:   chequers_temple_sunken
Lair:1:   layout_chaotic_city, minivault_24
Lair:2:   layout_big_grid, basic_altar, uniq_erica
Lair:3:   layout_long_grid, minmay_shoals_entry_hut,
          minmay_snake_entry_guardpost_small
Lair:4:   layout_long_grid, minmay_slime_entry_pillars,
          minmay_stone_trees_small, nicolae_quartered_pool_medium,
          serial_bayou_shore_a
Lair:5:   minmay_lair_end_enchanted_forest, layout_loops_ring,
          minmay_lair_drake_nest, grunt_megastairs_1
Shoals:1: layout_shoals, uniq_josephine
Shoals:2: layout_shoals, uniq_roxanne
Shoals:3: layout_shoals, nicolae_shoals_lost_giant_temple,
          nicolae_shoals_drake_roost
Shoals:4: shoals_end_grunt_garden, layout_shoals, uniq_nikola, uniq_polyphemus
Snake:1:  layout_basic, gammafunk_ghost_abyssal_escape
Snake:2:  layout_honeycomb, basic_altar, grunt_ministairs_12, minmay_shoptagon,
          nicolae_triple_integral, uniq_kirke
Snake:3:  layout_grid_maze, ebering_ghost_xom, serial_shops, shop_fountains
Snake:4:  hellmonk_snake_rune_quicksilver_temple, layout_basic,
          minmay_shop_grid_forest
Orc:1:    layout_diamond_mine, basic_altar, nicolae_specific_store
Orc:2:    pf_orc_diabolical, layout_diamond_mine, serial_shops, shop,
          nicolae_orc_tapped_out
Elf:1:    nicolae_elf_arrival_dilemma, layout_loops_corners,
          hangedman_elf_disciples
Elf:2:    elven_hall_of_blades_hangedman_alternative
          [nicolae_blade_entry_splitting_headache], layout_geoelf_grid
Elf:3:    minmay_elf_hall_quartered_circle, layout_geoelf_diagonals,
          serial_shops, shop, uniq_donald
Vaults:1: v_misc_8, st_quartered_hall, v_misc_10,
          nicolae_vaults_network_quincunx
          [nicolae_vaults_network_quincunx_subvault,
          nicolae_vaults_network_quincunx_subvault,
          nicolae_vaults_network_quincunx_subvault,
          nicolae_vaults_network_quincunx_subvault,
          nicolae_vaults_network_quincunx_subvault], nicolae_vaults_two_Ls,
          vaults_dpeg_encased_lava, v_misc_30, nicolae_vaults_big_ls, v_misc_30,
          vaults_room_fancy_cross, nicolae_vaults_yaktaur_gun_rack,
          ontoclasm_vaults_gateway, nicolae_vaults_double_plus_1,
          layout_vaults_omnibox
Vaults:2: nicolae_vaults_storage_closets_1, minmay_crypt_entry_simple_sparse,
          nicolae_vaults_closet_pinwheel_3, ontoclasm_vaults_spin,
          hangedman_vaults_corner, v_misc_31, nicolae_vaults_heart-shaped_vault,
          nicolae_vaults_house_1, layout_vaults_quadrants
Vaults:3: v_misc_5, vaults_room_corners, nicolae_vaults_closet_pinwheel_3,
          v_misc_2, nicolae_vaults_whirlpool_walls,
          nicolae_vaults_ninety_degrees, v_alt_pattern_4,
          nicolae_vaults_alarming, nicolae_vaults_trapezoid_1, v_alt_pattern_4,
          nicolae_vaults_tetromino_L_1, layout_vaults_big_cross, serial_shops,
          bzr_entry_dummy, nicolae_square_shop,
          nicolae_shop_bloodbath_and_beyond, nicolae_square_shop

Skill      XL: |  1  2  3  4  5  6  7  8  9 10 11 12 13 14 15 16 17 18 19 20 21 |
---------------+----------------------------------------------------------------+-----
Stealth        | 2 3 4 5 6 7 8 9 |  9.6
Dodging        | 2 3 4 5 6 7 8 9 11 12 | 12.2
Fighting       | 1 2 3 4 5 6 7 8 9 11 14 | 14.6
Fire Magic     | 3 4 5 6 7 8 9 |  9.1
Conjurations   | 2 3 4 5 6 7 8 9 11 | 11.4
Armour         | 1 2 3 |  3.0
Spellcasting   | 3 4 5 6 7 8 9 10 11 12 | 12.5
Invocations    | 1 3 5 6 8 9 10 11 13 14 17 18 | 18.4
Hexes          | 1 2 3 4 |  4.9
Axes           | 1 2 4 5 6 7 |  7.8
Air Magic      | 5 6 7 8 9 |  9.1
Poison Magic   | 5 6 7 8 9 10 | 10.0
Shields        | 1 3 4 5 |  5.0
Ice Magic      | 5 |  5.0
Summonings     | 6 9 10 11 12 | 12.9
Short Blades   | 6 8 |  8.4

Action                     |  1- 3 |  4- 6 |  7- 9 | 10-12 | 13-15 | 16-18 | 19-21 || total
---------------------------+-------+-------+-------+-------+-------+-------+-------++-------
  Melee: Unarmed           |     3 |       |       |       |       |       |       ||     3
         Short sword       |    37 |   307 |    52 |    38 |    21 |       |       ||   455
         Punch             |       |     3 |     3 |     6 |    10 |    14 |     6 ||    42
         War axe           |       |       |   115 |    50 |       |       |       ||   165
         Hand axe          |       |       |       |   236 |   294 |    17 |    46 ||   593
         Scimitar          |       |       |       |       |    76 |       |       ||    76
         Rapier            |       |       |       |       |   149 |   371 |    85 ||   605
         Morningstar       |       |       |       |       |       |   103 |    60 ||   163
         Double sword      |       |       |       |       |       |       |   122 ||   122
         Falchion          |       |       |       |       |       |       |    16 ||    16
  Throw: Boomerang         |    28 |    34 |     5 |    53 |       |     3 |       ||   123
         Dart              |       |       |       |       |       |     1 |       ||     1
         Throwing net      |       |       |       |       |       |     1 |       ||     1
   Cast: Foxfire           |    30 |    35 |    59 |   121 |   314 |   244 |   132 ||   935
         Scorch            |     8 |    31 |    65 |   104 |   240 |   191 |   160 ||   799
         Inner Flame       |       |       |     1 |    19 |     6 |     4 |    18 ||    48
         Mephitic Cloud    |       |       |       |    11 |    23 |    11 |     1 ||    46
         Flame Wave        |       |       |       |       |     7 |     1 |       ||     8
         Iskenderun's Myst |       |       |       |       |     4 |     8 |     7 ||    19
         Ignite Poison     |       |       |       |       |     3 |     5 |       ||     8
         Poisonous Vapours |       |       |       |       |     2 |     3 |       ||     5
         Summon Lightning  |       |       |       |       |       |   103 |    45 ||   148
         Freezing Cloud    |       |       |       |       |       |   102 |    11 ||   113
         Summon Mana Viper |       |       |       |       |       |       |    99 ||    99
         Summon Cactus Gia |       |       |       |       |       |       |   105 ||   105
 Invoke: Elemental Force   |       |       |       |     2 |    15 |    12 |     8 ||    37
         Disaster Area     |       |       |       |       |     1 |     1 |     1 ||     3
         Upheaval          |       |       |       |       |     1 |     4 |       ||     5
  Evoke: Wand              |       |     2 |       |     2 |       |     5 |     8 ||    17
         Box of beasts     |       |       |       |       |     1 |       |       ||     1
    Use: Scroll            |       |    17 |     7 |     8 |     8 |    11 |     5 ||    56
         Potion            |       |     5 |       |       |     4 |    10 |     8 ||    27
   Stab: Sleeping          |     1 |     2 |       |       |       |       |       ||     3
         Distracted        |       |     1 |       |       |       |     1 |     6 ||     8
         Confused          |       |       |       |     5 |     3 |     3 |       ||    11
         Paralysed         |       |       |       |       |     3 |       |       ||     3
         Invisible         |       |       |       |       |       |     9 |       ||     9
 Armour: Robe              |    20 |   147 |       |       |       |       |       ||   167
         Skin              |       |     3 |       |       |       |       |       ||     3
         Leather armour    |       |    15 |   110 |   106 |   249 |   168 |    87 ||   735
  Dodge: Dodged            |    38 |   265 |   203 |   275 |   528 |   600 |   377 ||  2286
         Repelled          |       |       |       |     5 |     9 |    40 |    18 ||    72
  Block: Other             |       |       |    27 |   100 |   220 |   192 |   151 ||   690
